[Event "Budapest One Week IM-B 03-2025"]
[Site "Budapest"]
[Date "2025.03.17"]
[Round "1.1"]
[White "Ongut, Tamas Gunes"]
[Black "Pribelszky, Bence"]
[Result "1/2-1/2"]
[Annotator "TA"]
[ECO "C44"]
[WhiteElo "2290"]
[BlackElo "2400"]
[PlyCount "43"]
[EventDate "2025.03.17"]
[EventType "tourn"]
[EventCountry "HUN"]
[SourceTitle "playchess.com"]
[Source "ChessBase"]
[SourceQuality "1"]
[TimeControl "5400+30"]

1. e4 Nc6 2. Nf3 e5 3. d4 exd4 4. Bc4 d6 5. Nxd4 Nf6 6. Nc3 Be7 7. O-O O-O 8. h3 Re8 $1 {[%emt 0:02:37][%mdl 4] is recently more successful than 8...Ne5.} 9. Re1 Bd7 {[%emt 0:08:34] C50: Hungarian Defence and Giuoco Pianissimo.} 10. Bg5 h6 11. Bh4 Ne5 12. Bb3 Nxe4 $146 (12... c5 13. Nf5 Bxf5 14. exf5 Qd7 15. Nd5 Nxd5 16. Bxe7 Nxe7 17. Rxe5 Nxf5 18. Rd5 Rac8 {1-0 Khanbekyan,A (1095)-Beck,F (995) GER-chT U10 Magdeburg 2014 (4.2)}) 13. Bxe7 Nxc3 14. Bxd8 Nxd1 15. Bxc7 Nxb2 16. Bxd6 {[%emt 0:06:17] This pair of bishops is nice.} Nbc4 17. f4 Nxd6 18. fxe5 Nb5 19. Rad1 (19. e6 $11 fxe6 20. Nxe6 Bxe6 21. Bxe6+ Kh8 22. Bf7 Rxe1+ 23. Rxe1) 19... Nxd4 $15 20. Rxd4 Be6 21. Bxe6 Rxe6 22. Rd7 {[%emt 0:00:10] Weighted Error Value: White=0.15 (very precise) /Black=0.05 (flawless)   Mistake:       	White=1     	---        OK:         	White=5     	Black=5      Best:        	White=2     	Black=2} 1/2-1/2

[Event "Budapest One Week IM-B 03-2025"]
[Site "Budapest"]
[Date "2025.03.17"]
[Round "1.2"]
[White "Mrithyunjay Mahadevan"]
[Black "Shah, Vishwa"]
[Result "1-0"]
[Annotator "NA RC"]
[ECO "A58"]
[WhiteElo "2295"]
[BlackElo "2172"]
[PlyCount "65"]
[EventDate "2025.03.17"]
[EventType "tourn"]
[EventCountry "HUN"]
[SourceTitle "playchess.com"]
[Source "ChessBase"]
[SourceQuality "1"]
[TimeControl "5400+30"]

1. d4 Nf6 2. c4 c5 3. d5 b5 4. cxb5 a6 5. bxa6 g6 6. Nc3 Bg7 7. e4 O-O 8. a4 Qa5 9. Bd2 Bxa6 10. Bxa6 Qxa6 11. Nge2 d6 12. O-O Qb7 13. Qc2 Na6 14. Nb5 Ne8 15. Rac1 Rb8 16. b4 Nxb4 17. Bxb4 cxb4 18. Qb3 f5 19. Ned4 Bxd4 20. Nxd4 Nf6 21. Nc6 Nxe4 22. Nxb8 Rxb8 23. Rfe1 Nc3 24. h3 Kf8 25. a5 Qb5 26. Rxc3 bxc3 27. Qxc3 Qxd5 28. a6 Kf7 29. Rxe7+ Kxe7 30. Qc7+ Ke6 31. Qxb8 Qa5 32. a7 Qe1+ 33. Kh2 1-0

[Event "Budapest One Week IM-B 03-2025"]
[Site "Budapest"]
[Date "2025.03.17"]
[Round "1.3"]
[White "Luebke, Florentin"]
[Black "Venkatesh, Narayan"]
[Result "0-1"]
[Annotator "TA"]
[ECO "A20"]
[WhiteElo "2233"]
[BlackElo "2203"]
[PlyCount "174"]
[EventDate "2025.03.17"]
[EventType "tourn"]
[EventCountry "HUN"]
[SourceTitle "playchess.com"]
[Source "ChessBase"]
[SourceQuality "1"]
[TimeControl "5400+30"]

1. c4 e5 2. g3 Nf6 3. Bg2 d5 4. cxd5 Nxd5 5. Nc3 Nb6 6. Nf3 Nc6 7. O-O Be7 8. d3 Be6 9. Be3 O-O 10. Rc1 f6 11. d4 {[%emt 0:00:39] A29: English Opening: Four Knights Variation with 4 g3.} exd4 12. Nxd4 Nxd4 13. Bxd4 {[%emt 0:00:18] The position is equal.} c6 14. Qd3 Qd7 15. Rfd1 Rad8 16. Qc2 $146 (16. Qe4 f5 17. Qf3 Qe8 18. Qe3 Qf7 19. Bxb6 axb6 20. Qxb6 Bf6 21. e3 Rxd1+ 22. Rxd1 Bxc3 23. bxc3 Bxa2 24. Rd8 Qe7 25. Rd2 Be6 26. Qa7 Re8 27. h4 {½-½ Lie,E (2462)-Elsness,F (2458) NOR-chT 0910 2009 (3)}) 16... Qc8 17. Na4 Nxa4 18. Qxa4 a6 19. Bb6 Rd7 20. b4 Bd6 21. Qa5 (21. Bd5 $5 Bxd5 22. Rxd5 $18) 21... Qe8 22. Rd2 Be5 23. Rcd1 Rff7 24. b5 (24. Qa4 $11) 24... axb5 $17 (24... cxb5 25. Bxb7 Bc4 (25... Rxb7 $2 26. Rd8 $18) 26. Bf3 $16 (26. Bxa6 Bxe2 27. Rc1 Rxd2 $16)) 25. f4 Bb8 26. Qa8 Qc8 $1 27. e4 Rxd2 28. Rxd2 Rd7 29. Rb2 (29. Rxd7 $17 Bxd7 30. Qa3) 29... Rd1+ 30. Kf2 Bd6 $36 {[%emt 0:12:34][%mdl 2048] Black is on the roll.} 31. Qxc8+ Bxc8 32. Bf3 Rd3 33. Ke2 Ra3 {[%emt 0:00:27] Black is more active.} 34. Rd2 Be7 35. f5 {[%emt 0:01:31] Repels Be6} Kf7 36. Bh5+ g6 37. Bg4 {[%emt 0:00:05] Black must now prevent fxg6+.} Kg7 38. Bd8 (38. Bh3 $142) 38... Bc5 $19 (38... Bxd8 39. Rxd8 gxf5 (39... Rxa2+ $2 40. Ke3 $19) 40. exf5 Rxa2+ 41. Ke3 Ra3+ 42. Kd4 $15) 39. Kd1 (39. Kf1 {might work better.}) 39... Re3 40. Re2 Rd3+ 41. Rd2 Rxd2+ 42. Kxd2 {[%emt 0:00:10][%cal Od8f6][%mdl 4096] Endgame KBB-KBB. Black is a pawn up.} Bd6 43. Bb6 Be5 44. Ke3 gxf5 (44... h5 $19 45. Bh3 gxf5 46. Bxf5 Bxf5 47. exf5 Kh6) 45. exf5 $17 Kf7 46. Bc5 Ke8 (46... Bc7 $142 {White must now prevent ...b6.} 47. Ba3 b6 48. Bh5+ Kg7) 47. Bh5+ Kd8 48. Ke4 Bd7 49. g4 {[%emt 0:01:46][%cal Og4g5] [#]} Be8 $1 50. Bxe8 Kxe8 {[%emt 0:00:04] KB-KB. Black is a pawn up.} 51. h4 Bg3 52. h5 Kf7 53. Be3 Bd6 54. Kd4 Be7 55. Bh6 {[%emt 0:00:41] [#]} (55. Ke4 $142) 55... c5+ ({Black should play} 55... b4 $1 $17 56. Be3 b5) 56. Kd5 $15 c4 57. Kd4 Ba3 58. g5 $2 {[%emt 0:00:30][%mdl 8192] Now White is beyond hope.} (58. Be3 $17 {is a better chance.}) 58... fxg5 $19 59. Bxg5 Bb2+ 60. Ke4 b4 61. Be3 $2 (61. Bh4) 61... Kf6 62. Bc5 Bc3 (62... b3 $142 63. axb3 cxb3) 63. Be3 b3 {[%emt 0:00:33] Black mates.} 64. axb3 cxb3 65. Kd3 b2 66. Kc2 {[%emt 0:00:05] [#]} Kxf5 $1 67. h6 Bf6 68. Bc5 Kg6 69. Bf8 Bg5 70. Kxb2 Bxh6 71. Bc5 Bf4 72. Kc3 h5 73. Kd3 Kf5 74. Ke2 h4 75. Kf2 h3 76. Bb6 Ke4 77. Ba5 b5 78. Kg1 Kd4 79. Bb4 Kc4 80. Be7 Be3+ 81. Kh2 Bc5 82. Bf6 b4 83. Kxh3 b3 84. Bb2 Kd3 85. Kg4 Kc2 86. Ba1 Bb4 87. Kf3 Bc3 {[%emt 0:00:07] Weighted Error Value: White=0.34/Black=0.13 (very precise)   Loses game:     	White=1     	---        Mistake:       	White=6     	Black=3      Inaccurate:     	White=7     	Black=5      OK:         	White=12    	Black=20     Best:        	White=4     	Black=3      Strong:       	---       	Black=2} 0-1

[Event "Budapest One Week IM-B 03-2025"]
[Site "Budapest"]
[Date "2025.03.17"]
[Round "1.4"]
[White "Kustar, Sandor"]
[Black "Turcsanyi, Vince Gergo"]
[Result "1/2-1/2"]
[Annotator "TA"]
[ECO "A15"]
[WhiteElo "2231"]
[BlackElo "2285"]
[PlyCount "86"]
[EventDate "2025.03.17"]
[EventType "tourn"]
[EventCountry "HUN"]
[SourceTitle "playchess.com"]
[Source "ChessBase"]
[SourceQuality "1"]
[TimeControl "5400+30"]

1. c4 Nf6 2. Nf3 e6 3. b3 d5 4. Bb2 Be7 5. g3 O-O 6. Bg2 b6 7. O-O Bb7 8. d4 Nbd7 9. cxd5 exd5 10. Nc3 Re8 11. Ne5 {[%emt 0:05:00] E17: Queen's Indian: 4 g3 Bb7 5 Bg2 Be7.} Bd6 12. f4 a6 13. e3 {[%emt 0:04:21] White has an edge.} Qe7 14. Qc2 Rac8 $146 ({Predecessor:} 14... Rad8 15. Rae1 c5 16. Bf3 Rc8 17. Qg2 cxd4 18. exd4 Bb4 19. Nd3 Bxc3 20. Rxe7 Rxe7 {1-0 Izoria,Z (2602)-Lopez Gonzalez,D (2198) Speed Chess GP3 blitz 2021 (1)}) 15. Bf3 c5 16. Qg2 cxd4 17. exd4 Bb4 (17... b5 $1 $11) 18. Nxd5 $14 Bxd5 19. Bxd5 Nxd5 20. Qxd5 Rc2 21. Rf2 Rxf2 (21... Nxe5 $14 {is superior.} 22. Rxc2 Nd3) 22. Kxf2 $16 Nxe5 23. fxe5 (23. Qxe5 Qd7 24. Qh5 Ba3 $19) (23. dxe5 $2 Rd8 24. Qe4 Rd2+ 25. Kf3 Rxb2 $19) 23... Qg5 {[%emt 0:00:39] ...Qd2+ would now be deadly.} 24. Rf1 Rd8 25. Qe4 (25. Qc4 $142 Qd2+ 26. Qe2) 25... Qd2+ 26. Qe2 Rc8 27. Qxd2 Bxd2 {[%emt 0:00:02][%mdl 4096] Endgame KRB-KRB. White is a pawn up.} 28. Kf3 Rc2 29. Ba3 Rxa2 30. Be7 Rb2 31. d5 Rxb3+ ({Black should play} 31... Bb4 32. Bxb4 Rxb3+ 33. Ke2 Rxb4) 32. Ke4 Bb4 33. d6 {[%emt 0:03:27][%cal Oe5e6][%mdl 1024] White has strong compensation.} h6 34. Rd1 {[%emt 0:00:27] White is more active.} Rb2 35. Rd4 Bc5 {[%emt 0:00:26] [#]} 36. h4 {[%emt 0:03:17] Prevents f6} Re2+ {[%emt 0:00:35] [#]} (36... f6 $1 $11 {keeps the balance.}) 37. Kd5 $1 f6 {[%emt 0:00:31] [#]} ({Not} 37... Bxd4 $2 38. d7 $18) 38. exf6 $1 gxf6 (38... Bxd4 39. d7 Bxf6 (39... Re5+ $2 40. Kxd4 Re1 41. d8=Q+ $18) 40. d8=Q+ (40. d8=R+ Kh7 $15) 40... Kf7 41. Qf8+ (41. Bxf6 gxf6 42. Qh8 Rd2+ 43. Ke4 Re2+ 44. Kf4 Rf2+ 45. Kg4 Re2 $18) 41... Kg6 42. Bxf6 gxf6 43. g4 $18) 39. Ra4 ({White should try} 39. Rf4 $16) 39... Kf7 $11 40. Rxa6 (40. g4 $11) 40... Rd2+ $15 {[%emt 0:00:13] Black is slightly better.} 41. Kc6 {[%emt 0:00:17] Ra8 is the strong threat.} Ke6 42. Bf8 Bxd6 43. Bxh6 Rc2+ {[%emt 0:00:45] Weighted Error Value: White=0.21 (precise) /Black=0.18 (very precise)   Mistake:       	White=4     	Black=4      Inaccurate:     	White=1     	Black=3      OK:         	White=10    	Black=8      Best:        	White=3     	Black=4      Strong:       	White=2     	---} 1/2-1/2

[Event "Budapest One Week IM-B 03-2025"]
[Site "Budapest"]
[Date "2025.03.17"]
[Round "1.5"]
[White "Varga, Zoltan"]
[Black "Jing, Andrew"]
[Result "1/2-1/2"]
[Annotator "TA"]
[ECO "B42"]
[WhiteElo "2305"]
[BlackElo "2198"]
[PlyCount "87"]
[EventDate "2025.03.17"]
[EventType "tourn"]
[EventCountry "HUN"]
[SourceTitle "playchess.com"]
[Source "ChessBase"]
[SourceQuality "1"]
[TimeControl "5400+30"]

1. e4 c5 2. Nf3 e6 3. d4 cxd4 4. Nxd4 a6 5. Bd3 Bc5 6. Nb3 Ba7 7. Qe2 Nc6 {[%emt 0:00:57] 7...Ne7 is the hot move.} 8. Be3 Nge7 9. Nc3 O-O {[%emt 0:03:30] B42: Sicilian: Kan Variation: 5 Bd3.} 10. O-O-O b5 11. f4 Nb4 (11... b4 $14 12. Na4 Bxe3+ 13. Qxe3 Na5) 12. Kb1 $146 (12. a3 $16 Bxe3+ 13. Qxe3) (12. a3 Nxd3+ 13. Rxd3 Nc6 14. Bxa7 Rxa7 15. Qe3 b4 16. axb4 Rb7 17. Na2 Nxb4 18. Nxb4 Rxb4 {0-1 Draskovic,L (2492)-Drazic,S (2355) Skopje op 2022 (8)}) 12... Nxd3 $11 13. Rxd3 f5 (13... b4 $11 14. Na4 Qc7) 14. Bxa7 Rxa7 15. exf5 {[%emt 0:00:05] White is much more active.} Nxf5 16. Ne4 Bb7 17. Rhd1 Bd5 $1 18. Nc3 Bc4 19. Qf2 $36 {[%emt 0:00:01][%mdl 2048] Against Qb6. White has some pressure.} Rc7 20. R3d2 b4 21. Na4 Bb5 22. Nac5 Qe7 23. g4 Nh6 24. h3 a5 25. Ne4 $1 Rc4 (25... a4 $14 26. Qb6 d5) 26. Nd4 $18 {[%emt 0:05:44] A dynamic duo of knights.} Ba6 {[%emt 0:01:53] [#]} 27. b3 (27. g5 $142 $1 Nf7 28. Re1) 27... Rc7 (27... Rcc8 $16) 28. Qe3 (28. Re1 $18 {is more deadly.}) 28... Nf7 29. f5 (29. g5 {is more complex.} e5 30. Nf5 Qe6 31. Nxg7 Kxg7 32. f5) 29... Nd8 (29... d5 $16) 30. fxe6 (30. g5 $18) 30... dxe6 $16 31. Qg5 (31. g5 $16) 31... Bb7 32. Qxe7 {[%emt 0:02:09][%csl Oe6] White attacks a weakness} Rxe7 33. Nc5 Bd5 {[%emt 0:00:17] [#]} 34. Ndxe6 $1 Nxe6 35. Rxd5 {[%emt 0:00:02] and Re5 would now be decisive} Nf4 36. Rd7 Rfe8 ({Black should try} 36... Rxd7 $14 37. Nxd7 Re8) 37. Rxe7 Rxe7 {[%emt 0:00:04][%mdl 4096] Endgame [#] KRN-KRN. White is a pawn up.} 38. h4 (38. Rd8+ $1 Kf7 39. Nd3 Nxd3 40. Rxd3) 38... Ne2 {[%emt 0:01:38] ...Nc3+ would now be deadly.} 39. Kb2 Nc3 40. Rf1 ({Better is} 40. Rd8+ $16 Kf7 41. Nd3) 40... Nd5 $1 $14 41. Nd3 Ne3 {[%emt 0:01:03][%csl LRf1,LRg4] Prevents Rf5} 42. Re1 Kf7 43. g5 (43. c3 $14) 43... Kg6 $11 44. Nf4+ {[%emt 0:02:29] Weighted Error Value: White=0.26 (precise) /Black=0.28 (precise)   Mistake:       	White=8     	Black=6      Inaccurate:     	White=3     	Black=4      OK:         	White=16    	Black=10     Best:        	White=3     	Black=2      Strong:       	White=1     	Black=2} 1/2-1/2

[Event "Budapest One Week IM-B 03-2025"]
[Site "Budapest"]
[Date "2025.03.18"]
[Round "2.1"]
[White "Pribelszky, Bence"]
[Black "Jing, Andrew"]
[Result "1-0"]
[Annotator "RC"]
[ECO "A48"]
[WhiteElo "2400"]
[BlackElo "2198"]
[PlyCount "119"]
[EventDate "2025.03.17"]
[EventType "tourn"]
[EventCountry "HUN"]
[SourceTitle "playchess.com"]
[Source "ChessBase"]
[SourceQuality "1"]
[TimeControl "5400+30"]

1. Nf3 Nf6 2. d4 g6 3. Nbd2 d5 4. b3 Bg7 5. Bb2 O-O 6. e3 Bf5 7. h3 a5 8. a3 c6 9. Be2 a4 10. b4 Nbd7 11. g4 Be4 12. c4 Bxf3 13. Bxf3 Nb6 14. c5 Nbd7 15. Bg2 Ne8 16. f4 e6 17. h4 f5 18. g5 h6 19. gxh6 Bxh6 20. Qe2 Rf7 21. O-O-O Rg7 22. Bf3 Kh7 23. Rdg1 Nc7 24. Qh2 Rc8 25. Bd1 Qe7 26. Nf3 Nf8 27. Ng5+ Bxg5 28. Rxg5 Kg8 29. h5 Rh7 30. Qg2 Ne8 31. hxg6 Rxh1 32. Qxh1 Qf6 33. Bc3 Rc7 34. Be1 Rg7 35. Bh5 Nxg6 36. Qg1 Kh7 37. Rg2 Nc7 38. Bd1 Nb5 39. Kb2 Nc7 40. Bxa4 Ne8 41. Bd1 Qf7 42. a4 Nf6 43. b5 cxb5 44. axb5 Qd7 45. Be2 Ne4 46. Ba5 Qe8 47. Kb3 Qa8 48. Bb4 Qe8 49. Qa1 Kh8 50. Qa5 Kh7 51. Bh5 Qd7 52. Qb6 Ne7 53. Rxg7+ Kxg7 54. Be2 Kf7 55. Qa7 Qc8 56. c6 Nxc6 57. bxc6 Qxc6 58. Qb8 Kg6 59. Qg8+ Kf6 60. Qh8+ 1-0

[Event "Budapest One Week IM-B 03-2025"]
[Site "Budapest"]
[Date "2025.03.18"]
[Round "2.2"]
[White "Turcsanyi, Vince Gergo"]
[Black "Varga, Zoltan"]
[Result "0-1"]
[Annotator "RC"]
[ECO "C41"]
[WhiteElo "2285"]
[BlackElo "2305"]
[PlyCount "74"]
[EventDate "2025.03.17"]
[EventType "tourn"]
[EventCountry "HUN"]
[SourceTitle "playchess.com"]
[Source "ChessBase"]
[SourceQuality "1"]
[TimeControl "5400+30"]

1. e4 d6 2. d4 Nf6 3. Nc3 e5 4. Nf3 Nbd7 5. Be2 c6 6. a4 Be7 7. O-O O-O 8. Re1 Re8 9. dxe5 dxe5 10. Bc4 Bb4 11. Qe2 Qe7 12. Nh4 Nc5 13. Nf5 Bxf5 14. exf5 Rad8 15. Bg5 h6 16. Bh4 Rd4 17. g3 Red8 18. Red1 Bxc3 19. bxc3 Rxd1+ 20. Rxd1 Rxd1+ 21. Qxd1 Nce4 22. Bxf6 Nxf6 23. Qd3 b6 24. Bb3 Nd7 25. Qa6 Nf8 26. Qc8 c5 27. Qb8 e4 28. Kg2 e3 29. fxe3 c4 30. Ba2 Qe4+ 31. Kf1 Qf3+ 32. Ke1 Qxe3+ 33. Kd1 Qxc3 34. Bb1 Qb2 35. Qxa7 Qxb1+ 36. Kd2 Qb4+ 37. Kc1 c3 0-1

[Event "Budapest One Week IM-B 03-2025"]
[Site "Budapest"]
[Date "2025.03.18"]
[Round "2.3"]
[White "Venkatesh, Narayan"]
[Black "Kustar, Sandor"]
[Result "1-0"]
[Annotator "RC"]
[ECO "E42"]
[WhiteElo "2203"]
[BlackElo "2231"]
[PlyCount "59"]
[EventDate "2025.03.17"]
[EventType "tourn"]
[EventCountry "HUN"]
[SourceTitle "playchess.com"]
[Source "ChessBase"]
[SourceQuality "1"]
[TimeControl "5400+30"]

1. d4 Nf6 2. c4 e6 3. Nc3 Bb4 4. e3 c5 5. Nge2 cxd4 6. exd4 O-O 7. a3 Be7 8. d5 exd5 9. cxd5 Re8 10. d6 Bf8 11. g3 b6 12. Bg2 Nc6 13. O-O Ba6 14. Re1 Rc8 15. Be3 Ng4 16. Bf4 Qf6 17. h3 Nge5 18. Nd5 Qxd6 19. Nec3 Qg6 20. b4 Bc4 21. b5 Nd3 22. Rxe8 Rxe8 23. bxc6 dxc6 24. Ne3 Ba6 25. Qa4 Qf6 26. Qxa6 Qxc3 27. Rd1 Nxf4 28. gxf4 Bxa3 29. Qxa7 Bc5 30. Qd7 1-0

[Event "Budapest One Week IM-B 03-2025"]
[Site "Budapest"]
[Date "2025.03.18"]
[Round "2.4"]
[White "Shah, Vishwa"]
[Black "Luebke, Florentin"]
[Result "1-0"]
[Annotator "RC"]
[ECO "B23"]
[WhiteElo "2172"]
[BlackElo "2233"]
[PlyCount "109"]
[EventDate "2025.03.17"]
[EventType "tourn"]
[EventCountry "HUN"]
[SourceTitle "playchess.com"]
[Source "ChessBase"]
[SourceQuality "1"]
[TimeControl "5400+30"]

1. e4 c5 2. Nc3 d6 3. d4 cxd4 4. Qxd4 Nc6 5. Qd2 g6 6. b3 Bh6 7. f4 Nf6 8. Bb2 O-O 9. O-O-O Re8 10. Kb1 a5 11. a4 Nb4 12. Nf3 Nh5 13. Ng5 Bg4 14. Re1 e5 15. Bc4 Be6 16. Nxe6 fxe6 17. Rd1 exf4 18. Qxd6 Qxd6 19. Rxd6 Kf7 20. Nb5 Nf6 21. Bxf6 Kxf6 22. Nc7 Bf8 23. Nxe8+ Rxe8 24. Rb6 Bc5 25. Rxb7 Bd4 26. Rd1 Ke5 27. Bd3 Nxd3 28. cxd3 Be3 29. Rb5+ Kd4 30. Rxa5 g5 31. Rxg5 f3 32. Rg7 f2 33. Kb2 Bd2 34. Rf7 Bc3+ 35. Kc2 Be1 36. Rf3 Rg8 37. g3 h5 38. Ra1 h4 39. gxh4 Rg1 40. Rxf2 Bxf2 41. Rxg1 Bxg1 42. b4 Bxh2 43. h5 Ke5 44. Kc3 Kd6 45. h6 Bf4 46. h7 Be5+ 47. Kc4 Kc6 48. d4 Bg7 49. e5 Kb6 50. a5+ Kb7 51. Kb5 Kc7 52. a6 Kb8 53. Kc6 Ka7 54. b5 Kb8 55. Kd7 1-0

[Event "Budapest One Week IM-B 03-2025"]
[Site "Budapest"]
[Date "2025.03.18"]
[Round "2.5"]
[White "Ongut, Tamas Gunes"]
[Black "Mrithyunjay Mahadevan"]
[Result "1-0"]
[Annotator "RC"]
[ECO "A04"]
[WhiteElo "2290"]
[BlackElo "2295"]
[PlyCount "91"]
[EventDate "2025.03.17"]
[EventType "tourn"]
[EventCountry "HUN"]
[SourceTitle "playchess.com"]
[Source "ChessBase"]
[SourceQuality "1"]
[TimeControl "5400+30"]

1. Nf3 c5 2. c4 Nc6 3. Nc3 g6 4. e3 Nf6 5. d4 cxd4 6. exd4 d5 7. cxd5 Nxd5 8. Qb3 Nxc3 9. Bc4 Nd5 10. Bxd5 e6 11. Bxc6+ bxc6 12. O-O Bg7 13. Bg5 Qd6 14. Rac1 O-O 15. Qe3 Bb7 16. Rc5 f6 17. Bf4 Qd7 18. h4 Rfe8 19. Bh6 Bh8 20. Re1 Rad8 21. Qb3 Qf7 22. Re3 Rd5 23. Qa3 Bg7 24. Bxg7 Kxg7 25. Rxd5 cxd5 26. Qxa7 Ra8 27. Qb6 Rxa2 28. Rc3 Ra6 29. Qc7 Ba8 30. Ng5 Qxc7 31. Rxc7+ Kg8 32. Nxh7 e5 33. dxe5 fxe5 34. Ng5 d4 35. Rd7 Bc6 36. Rd6 Bb5 37. Rxa6 Bxa6 38. Nf3 d3 39. Nd2 Kg7 40. f3 Kh6 41. Kf2 g5 42. hxg5+ Kxg5 43. g3 Bb5 44. Ke3 Kf5 45. Ne4 Ke6 46. Nc5+ 1-0